 Dungeon Crawl Stone Soup version 0.17.0-9-g801d43b (webtiles) character file.

2795 4thArraOfDagon the Fighter (level 9, -1/83 HPs)
             Began as a Minotaur Monk on Nov 9, 2015.
             Was a Priest of Cheibriados.
             Slain by a troll (9 damage)
             ... on level 10 of the Dungeon.
             The game lasted 00:14:22 (2673 turns).

4thArraOfDagon the Fighter (Minotaur Monk)          Turns: 2673, Time: 00:14:23

Health: -1/83      AC:  2    Str: 24    XL:     9   Next: 43%
Magic:  0/10       EV: 11    Int: 17    God:    Cheibriados [***...]
Gold:   248        SH:  0    Dex: 19    Spells: 0 memorised, 8 levels left

rFire  . . .     SeeInvis .     d - +3 war axe
rCold  . . .     Clarity  .     y - +0 plate armour
rNeg   . . .     SustAt   .     (no shield)
rPois  .         Gourm    .     (helmet restricted)
rElec  .         Spirit   +     (no cloak)
rCorr  .         Warding  .     (no gloves)
rMut   .         Stasis   .     (no boots)
MR     .....                    f - amulet of guardian spirit
Stlth  ..........               g - ring of stealth
                                t - ring of wizardry

@: lethally poisoned (-1 -> -2), about to teleport, corroded equipment, very
slow, not resistant to hostile enchantments, extremely unstealthy
A: retaliatory headbutt, horns 2
a: Bend Time, Temporal Distortion, Renounce Religion


You were on level 10 of the Dungeon.
You worshipped Cheibriados.
Cheibriados was most pleased with you.
You were not hungry.

You visited 2 branches of the dungeon, and saw 11 of its levels.
You also visited: Sewer.

You collected 248 gold pieces.

Inventory:

Hand Weapons
 c - a +0 war axe
 d - a +3 war axe (weapon)
 v - a +0 blowgun
Missiles
 w - 8 curare-tipped needles
Armour
 y - a +0 plate armour (worn)
Jewellery
 f - an amulet of guardian spirit (around neck)
 g - a ring of stealth (right hand)
 t - a ring of wizardry (left hand)
Wands
 m - a wand of teleportation (4)
 r - a wand of flame (28)
Scrolls
 a - 2 scrolls of remove curse
 i - a scroll of recharging {unknown}
 j - a scroll of teleportation {unknown}
 o - a scroll of noise {unknown}
 p - 2 scrolls of enchant weapon {unknown}
 q - a scroll of amnesia {unknown}
 u - a scroll of magic mapping
Potions
 e - 6 potions of cure mutation
 k - a potion of might
 l - 2 potions of flight
 s - a potion of magic {unknown}
Comestibles
 b - 5 bread rations
 h - 5 meat rations


   Skills:
 + Level 9.2 Fighting
 * Level 9.2 Axes
 + Level 8.1 Dodging
 - Level 1.5 Stealth
 - Level 4.3 Unarmed Combat
 + Level 3.5 Invocations


You had 8 spell levels left.
You didn't know any spells.

Dungeon Overview and Level Annotations

Branches:
Dungeon (10/15)            Temple (1/1) D:4            Lair (0/8) D:9
    Orc: D:9-12

Altars:
Ashenzari
Cheibriados
Fedhas
Makhleb
Nemelex Xobeh
Qazlal
Ru
Sif Muna
Trog
Vehumet
Xom
Yredelemnul
The Shining One


Innate Abilities, Weirdness & Mutations

You reflexively headbutt those who attack you in melee.
You have a pair of horns on your head.


Message History

Aim: a troll
Okay, then.
Drink which item? (? for menu, Esc to quit)
Okay, then.
Evoke which item? (* to show all) (? for menu, Esc to quit)
Zapping:
m - a wand of teleportation (5)
Press: ? - help, Shift-Dir - straight line, f - you, p - troll You feel strangely unstable.
This wand has 4 charges left.
The troll bites you. The troll claws you.
* * * LOW HITPOINT WARNING * * *
The troll claws you but does no damage.
Unknown command.
Unknown command.
You see here an arrow.
Unknown command.
Unknown command.
The troll bites you!
* * * LOW HITPOINT WARNING * * *
The troll claws you but does no damage. The troll claws you!
You die...

.##.... .(.... #....
#.... #.... #.)##
##..#### .# #...T..#
######.### #....@.#
#........# #.....(#
#........#
#......#####........#
.............#........#
###......###..........#
#......# ###........#
#......# #........#
###.#### #........# #.
####...###


You could see a troll.

Vanquished Creatures
  A two-headed ogre (D:10)
  A slime creature (D:9)
  A troll (D:10)
  3 phantoms
  An orc warrior (D:10)
  An ogre (D:4)
  5 centaurs
  2 big kobolds
  3 giant frogs
  A scorpion (D:6)
  5 killer bees (D:7)
  A water moccasin skeleton (D:7)
  4 wights (D:10)
  A jelly (D:10)
  2 orc priests
  3 centaur zombies
  A giant frog zombie (D:5)
  3 hounds
  A quasit (D:9)
  An orc wizard (D:10)
  A hound skeleton (D:10)
  3 adders
  A gnoll (D:4)
  3 river rats
  A shadow imp (D:5)
  An adder zombie (D:5)
  2 adder skeletons (D:4)
  3 worms
  6 giant geckos
  10 orcs
  A bat (D:2)
  3 giant cockroaches
  A goblin (D:3)
  5 jackals
  A giant gecko skeleton (D:4)
  3 giant newts
  11 kobolds
  6 rats
103 creatures vanquished.

Vanquished Creatures (others)
  2 plants (D:10)
2 creatures vanquished.

Grand Total: 105 creatures vanquished

Notes
Turn   | Place    | Note
--------------------------------------------------------------
     0 | D:1      | 4thArraOfDagon the Minotaur Monk began the quest for the Orb.
     0 | D:1      | Reached XP level 1. HP: 19/19 MP: 0/0
   220 | D:3      | Reached XP level 2. HP: 21/27 MP: 1/1
   246 | D:3      | Noticed a hound
   263 | D:3      | HP: 2/40 [hound (2)]
   265 | D:3      | Killed a hound
   265 | D:3      | Reached skill level 1 in Axes
   265 | D:3      | Reached XP level 3. HP: 12/34 MP: 2/2
   502 | D:4      | Noticed an ogre
   510 | D:4      | Killed an ogre
   510 | D:4      | Reached skill level 5 in Fighting
   510 | D:4      | Reached XP level 4. HP: 12/42 MP: 3/3
   599 | D:4      | Reached XP level 5. HP: 26/48 MP: 4/4
   722 | D:5      | Entered Level 5 of the Dungeon
   870 | D:5      | Reached XP level 6. HP: 38/57 MP: 5/5
   897 | D:5      | Found a glowing drain.
   905 | Sewer    | Entered a sewer
   909 | Sewer    | Reached skill level 5 in Dodging
   975 | Sewer    | Reached skill level 6 in Fighting
   996 | Sewer    | Found a glowing silver altar of Zin.
  1488 | D:7      | Reached XP level 7. HP: 58/64 MP: 6/6
  1595 | D:7      | Reached skill level 5 in Axes
  1601 | D:7      | Reached skill level 7 in Fighting
  1686 | D:7      | Found a sparkling altar of Nemelex Xobeh.
  1711 | D:6      | Reached XP level 8. HP: 18/74 MP: 5/7
  1890 | D:4      | Found a deep blue altar of Sif Muna.
  1899 | D:4      | Found a sparkling altar of Nemelex Xobeh.
  1988 | D:4      | Noticed a phantom
  1991 | D:4      | Found a staircase to the Ecumenical Temple.
  1996 | Temple   | Entered the Ecumenical Temple
  2010 | Temple   | Became a worshipper of Cheibriados the Contemplative
  2010 | Temple   | Reached * piety under Cheibriados
  2010 | Temple   | Reached ** piety under Cheibriados
  2032 | D:4      | Killed a phantom
  2032 | D:4      | Reached skill level 8 in Fighting
  2083 | D:4      | Noticed a phantom
  2117 | D:4      | Killed a phantom
  2117 | D:4      | Reached skill level 1 in Invocations
  2196 | D:8      | Found a shattered altar of Ashenzari.
  2322 | D:9      | Noticed a slime creature
  2338 | D:9      | ROTFL
  2340 | D:9      | Killed a slime creature
  2354 | D:9      | Found a staircase to the Lair.
  2359 | D:9      | Noticed a hill giant
  2374 | D:10     | Entered Level 10 of the Dungeon
  2432 | D:10     | Noticed a two-headed ogre
  2455 | D:10     | Killed a two-headed ogre
  2455 | D:10     | Reached XP level 9. HP: 57/82 MP: 7/10
  2590 | D:10     | Reached skill level 9 in Fighting
  2599 | D:10     | Reached *** piety under Cheibriados
  2662 | D:10     | Noticed a troll
  2673 | D:10     | Slain by a troll

Action                   |  1- 3 |  4- 6 |  7- 9 || total
-------------------------+-------+-------+-------++-------
Melee: Hand axe          |    18 |       |       ||    18
       Unarmed           |     7 |       |       ||     7
       War axe           |    19 |    96 |   149 ||   264
Throw: Throwing net      |       |       |     6 ||     6
Evoke: Wand              |       |       |     1 ||     1
  Use: Scroll            |     3 |     2 |     2 ||     7
       Potion            |     5 |     1 |     3 ||     9
 Stab: Held in net/web   |       |       |     2 ||     2
       Distracted        |       |       |     1 ||     1
  Eat: Chunk             |       |     2 |     3 ||     5
